 Dungeon Crawl Stone Soup version 0.31-a0-152-g6aa68a64a1 (webtiles) character file.

Game seed: 13463474657192693631

245 qw the Chopper (level 6, -3/38 HPs)
             Began as a Gargoyle Fighter on June 10, 2023.
             Was an Initiate of Okawaru.
             Slain by an ogre
             ... wielding a +0 giant club
              (28 damage)
             ... on level 4 of the Dungeon.
             The game lasted 00:01:27 (3312 turns).

qw the Chopper (Gargoyle Fighter)                   Turns: 3312, Time: 00:01:28

Health: -3/38      AC: 12    Str: 22    XL:     6   Next: 10%
Magic:  6/6        EV:  9    Int:  8    God:    Okawaru [......]
Gold:   227        SH:  4    Dex:  9    Spells: 5/5 levels left

rFire   . . .        Y - +6 war axe (heavy)
rCold   . . .        c - +0 buckler
rNeg    + . .        b - +0 scale mail
rPois   inf          (no helmet)
rElec   +            (no cloak)
rCorr   .            (no gloves)
SInv    +            m - +0 pair of boots
Will    .....        (no amulet) Stlth
                     g - ring of see invisible
HPRegen 0.26/turn    (no ring)
MPRegen 0.10/turn

%: no passive effects
@: no status effects
A: sickness immunity, AC +4, negative energy resistance 1, electricity
resistance, torment resistance 1, petrification resistance
a: Renounce Religion


You were on level 4 of the Dungeon.
You worshipped Okawaru.
Okawaru was noncommittal.
You visited 2 branches of the dungeon, and saw 5 of its levels.

You collected 227 gold pieces.


Innate Abilities, Weirdness & Mutations

You are immune to sickness and miasma.
Your stone body is resilient. (AC +4)
You are immune to poison.
You resist negative energy. (rN+)
You are resistant to electric shocks. (rElec)
You are resistant to unholy torment.
You are immune to petrification.


   Skills:
 - Level 4.2 Fighting
 - Level 5.1 Axes
 - Level 3.2 Armour
 + Level 0.0 Dodging
 - Level 3.2 Shields


You had 5 spell levels left.
You didn't know any spells.
Your spell library was empty.

Inventory:

Hand Weapons
 k - a +2 flail of holy wrath
 Y - a +6 heavy war axe (weapon)
Armour
 b - a +0 scale mail (worn)
 c - a +0 buckler (worn)
 j - a +2 robe of cold resistance
 m - a +0 pair of boots (worn)
Jewellery
 g - a ring of see invisible (left hand)
Scrolls
 a - a scroll of identify
 n - 3 scrolls of teleportation {unknown}
 o - a scroll of enchant weapon {unknown}
 r - a scroll of noise {unknown}
Potions
 d - 3 potions of might
 e - 2 potions of curing
 f - a potion of haste
 h - a potion of enlightenment {unknown}
 i - a potion of brilliance {unknown}
 l - a potion of berserk rage {unknown}
 p - 2 potions of lignification {unknown}
 q - a potion of heal wounds {unknown}

Dungeon Overview and Level Annotations

Branches:
Dungeon (4/15)             Temple (1/1) D:4

Altars:
Ashenzari
Dithmenos
Elyvilon
Fedhas
Gozag
Hepliaklqana
Kikubaaqudgha
Makhleb
Okawaru
Qazlal
Ru
Sif Muna
Uskayaw
Vehumet
Zin


Message History

Enter note:
Enter note:
Enter note:
Enter note:
Enter note:
Enter note:
Enter note:
Enter note:
Enter note: You closely miss the ball python.
The ball python misses you. The ball python barely misses you.
The ball python closely misses you. The ball python barely misses you.
You slice the ball python!!
You kill the ball python!
Okawaru accepts your kill.
You see here a ball python corpse.
You now have 227 gold pieces (gained 14).
You see here 3 stones.
An ogre comes into view. It is wielding a +0 giant club.
Enter note:
Enter note:
Enter note:
Enter note:
Enter note:
Enter note:
Enter note:
Enter note:
Enter note:
Enter note:
Enter note:
Enter note: The ogre shouts!
You slash the ogre!
The ogre is moderately wounded.
The ogre hits you with a +0 giant club! The ogre closely misses you.
You slice the ogre!!
The ogre is almost dead.
The ogre hits you with a +0 giant club!!
Ouch! That really hurt!
You die...

###.......#...##
####...........#
.........#....##
....%....#?....##
....#...........###
..####............##
...#.#.............##
...............O....#
................@..#
........>..........#
........##.......###
.####...........##
....##........###
.......###...###
.#####..##(..(.# .#
##.........# ..#
#..........#


You could see an ogre.

Vanquished Creatures
  A scorpion (D:4)
  Ijyb (D:4)
  An iguana (D:3)
  An orc wizard (D:3)
  3 adders (D:2)
  A worm (D:2)
  5 dart slugs
  5 orcs (D:3)
  8 ball pythons
  4 endoplasms
  A giant cockroach (D:1)
  6 goblins
  5 hobgoblins
  3 kobolds
  4 quokkas
  5 bats
  6 frilled lizards
  5 rats
65 creatures vanquished.

Notes
Turn   | Place    | Note
-------+----------+-------------------------------------------
     0 | D:1      | qw the Gargoyle Fighter began the quest for the Orb.
     0 | D:1      | Reached XP level 1. HP: 14/14 MP: 1/1
     0 | D:1      | 0 ||| qw: Version: 0.2-a-123-gb51047a
     0 | D:1      | 0 ||| qw: Game counter: 3760
     0 | D:1      | 0 ||| qw: Always use a shield: true
     0 | D:1      | 0 ||| qw: God list: Okawaru
     0 | D:1      | 0 ||| qw: Allow faded altars: false
     0 | D:1      | 0 ||| qw: Do Orc after D:15 true
     0 | D:1      | 0 ||| qw: Do second Lair branch before Depths: true
     0 | D:1      | 0 ||| qw: Lair rune preference: random
     0 | D:1      | 0 ||| qw: Plans: Normal, Zot:1-4, Slime:5, God:TSO, Crypt,
                  | Tomb, Abyss, Pan, Hells, Win
     0 | D:1      | 0 ||| PLANNING D:1-11
    43 | D:1      | Reached skill level 2 in Axes
   175 | D:1      | Reached XP level 2. HP: 19/19 MP: 2/2
   195 | D:1      | 195 ||| Stepping ~*~*~tactically~*~*~ (stealth).
   230 | D:1      | 230 ||| DROPPING +0 club.
   252 | D:1      | 252 ||| Stepping ~*~*~tactically~*~*~ (hiding).
   546 | D:1      | Found a faded altar of an unknown god.
   674 | D:1      | Reached skill level 3 in Axes
   751 | D:1      | 751 ||| READING 2 scrolls labelled UVEICH FIARGH.
   752 | D:1      | 752 ||| READING scroll labelled OXZEANLU ETUPT.
   802 | D:2      | Found a white marble altar of Elyvilon.
   839 | D:2      | Reached XP level 3. HP: 22/23 MP: 3/3
   909 | D:2      | 909 ||| Stepping ~*~*~tactically~*~*~ (hiding).
   983 | D:2      | Reached XP level 4. HP: 28/28 MP: 4/4
  1066 | D:2      | 1066 ||| Stepping ~*~*~tactically~*~*~ (hiding).
  1490 | D:2      | Reached skill level 4 in Axes
  1807 | D:2      | 1807 ||| DROPPING scarf of harm.
  1808 | D:2      | 1808 ||| UPGRADING to +0 pair of boots.
  1813 | D:2      | 1813 ||| READING scroll labelled BATYG VOBAERE.
  1814 | D:2      | 1814 ||| READING scroll labelled RIKLIE SERO.
  1814 | D:2      | Identified a scroll of acquirement
  1814 | D:2      | 1814 ||| ACQUIRING +6 heavy war axe
  1814 | D:2      | Acquired a +6 heavy war axe
  1816 | D:2      | 1816 ||| SWAPPING to +6 heavy war axe.
  1817 | D:2      | 1817 ||| DROPPING +0 war axe.
  1818 | D:2      | 1818 ||| READING scroll labelled SISACA HYAKOA.
  1899 | D:3      | 1899 ||| Stepping ~*~*~tactically~*~*~ (stealth).
  1901 | D:3      | 1901 ||| Stepping ~*~*~tactically~*~*~ (stealth).
  1968 | D:3      | 1968 ||| DROPPING +0 mace.
  1969 | D:3      | 1969 ||| DROPPING +0 flail.
  1973 | D:3      | 1973 ||| Stepping ~*~*~tactically~*~*~ (stealth).
  1974 | D:3      | 1974 ||| Stepping ~*~*~tactically~*~*~ (stealth).
  2107 | D:3      | Reached XP level 5. HP: 32/32 MP: 5/5
  2414 | D:3      | Found a broken altar of Ashenzari.
  2551 | D:3      | 2551 ||| UPGRADING to ring of see invisible.
  2552 | D:3      | 2552 ||| DROPPING ring of flight.
  2553 | D:3      | 2553 ||| READING scroll labelled NOCIUN LOB NAETS.
  2654 | D:3      | 2654 ||| DRINKING 3 silvery potions.
  2655 | D:3      | 2655 ||| READING 2 scrolls of identify.
  2655 | D:3      | 2655 ||| IDENTIFYING coppery potion
  2686 | D:4      | Found a staircase to the Ecumenical Temple.
  2687 | D:4      | 2687 ||| PLANNING TEMPLE
  2687 | D:4      | 2687 ||| STAIRDANCE
  2691 | D:4      | 2691 ||| STAIRDANCE
  2695 | D:4      | 2695 ||| STAIRDANCE
  2709 | D:4      | 2709 ||| STAIRDANCE
  2713 | D:4      | 2713 ||| STAIRDANCE
  2717 | D:4      | 2717 ||| STAIRDANCE
  2721 | D:4      | 2721 ||| STAIRDANCE
  2725 | D:4      | 2725 ||| STAIRDANCE
  2729 | D:4      | 2729 ||| STAIRDANCE
  2733 | D:4      | 2733 ||| STAIRDANCE
  2737 | D:4      | 2737 ||| STAIRDANCE
  2741 | D:4      | 2741 ||| STAIRDANCE
  2745 | D:4      | 2745 ||| STAIRDANCE
  2749 | D:4      | 2749 ||| STAIRDANCE
  2753 | D:4      | 2753 ||| STAIRDANCE
  2757 | D:4      | 2757 ||| STAIRDANCE
  2761 | D:4      | 2761 ||| STAIRDANCE
  2778 | Temple   | Entered the Ecumenical Temple
  2779 | Temple   | 2779 ||| PLANNING OKAWARU WORSHIP
  2935 | Temple   | Became a worshipper of Warmaster Okawaru
  2935 | Temple   | 2935 ||| PLANNING D:1-11
  3129 | D:4      | Noticed Ijyb
  3134 | D:4      | Killed Ijyb
  3135 | D:4      | Reached skill level 5 in Axes
  3261 | D:4      | Reached XP level 6. HP: 38/38 MP: 6/6
  3312 | D:4      | Slain by an ogre

Levels and vault maps discovered:
D:1:      beargit_arrival_greenhouse, layout_basic,
          hellmonk_ecumenical_altar_inner_sanctum
D:2:      layout_loops_corners, basic_altar
D:3:      layout_loops_ring, mainiacjoe_overflow_alcove_2
D:4:      layout_cave_pools, minmay_temple_entry_wispy, minmay_liquid_box,
          uniq_ijyb
Temple:   nicolae_temple_bog_church

Skill      XL: |  1  2  3  4  5 |
---------------+----------------+-----
Axes           | 2 3 4 5 |  5.1
Fighting       | 4 |  4.2
Armour         | |  3.2
Shields        | |  3.2

Action                     |  1- 3 |  4- 6 || total
---------------------------+-------+-------++-------
  Melee: War axe           |    66 |    87 ||   153
    Use: Scroll            |     2 |     5 ||     7
         Potion            |       |     1 ||     1
 Armour: Scale mail        |    22 |    54 ||    76
  Dodge: Dodged            |    24 |    33 ||    57
  Block: Buckler           |     5 |    19 ||    24

Table legend:
 A = Non-vault XP
 B = Vault XP
 C = Vault XP percentage of total XP
 D = Non-vault monster count
 E = Vault monster count
 F = Vault count percentage of total count
                 A         B        C        D         E       F
            +---------+---------+-------+---------+---------+-------
      Total |     314 |      36 |  10.3 |      64 |       1 |   1.5
            +---------+---------+-------+---------+---------+-------
        D:1 |      31 |       0 |   0.0 |      15 |       0 |   0.0
        D:2 |      71 |       0 |   0.0 |      18 |       0 |   0.0
        D:3 |     116 |       0 |   0.0 |      25 |       0 |   0.0
        D:4 |      96 |      36 |  27.3 |       6 |       1 |  14.3
            +---------+---------+-------+---------+---------+-------
